[Event "ICC tourney 2361 (30 5)"]
[Site "Internet Chess Club"]
[Date "2021.01.31"]
[Round "4"]
[White "PS33ChessNinja"]
[Black "dmenon25"]
[Result "0-1"]
[ICCResult "White resigns"]
[WhiteElo "681"]
[BlackElo "926"]
[Opening "Giuoco Piano"]
[ECO "C50"]
[NIC "IG.02"]
[Time "16:00:20"]
[PlyCount "84"]
[TimeControl "1800+5"]

1. e4 e5 2. Nf3 Nc6 3. Bc4 Bc5 4. O-O Nf6 5. Nc3 O-O 6. d3 h6 7. Be3 Bb6 8.
Qd2 d6 9. Rad1 Be6 10. Bb3 Qe7 11. Rfe1 Ng4 12. h3 Nxe3 13. fxe3 f5 14.
exf5 Rxf5 15. d4 Kh8 16. d5 Bd7 17. dxc6 Bxc6 18. Nd5 Qe8 19. Nxb6 axb6 20.
Rf1 Qf8 21. Nh4 Rxf1+ 22. Rxf1 Qd8 23. Ng6+ Kh7 24. Rf6 Qxf6 25. Nxe5 Qxe5
26. Qd3+ Qe4 27. Bc4 Qxd3 28. Bxd3+ g6 29. a3 Re8 30. Kf2 Rf8+ 31. Ke2 Bxg2
32. Ke1 Bxh3 33. Be4 Re8 34. Bxb7 Rxe3+ 35. Kf2 Re5 36. Bc6 g5 37. a4 h5
38. Kg3 Be6 39. Kg2 Bd5+ 40. Bxd5 Rxd5 41. Kf3 Rd2 42. Ke3 Rxc2 { White
resigns } 0-1

[Event "ICC tourney 2361 (30 5)"]
[Site "Internet Chess Club"]
[Date "2021.01.31"]
[Round "4"]
[White "Rosey9"]
[Black "antonk2012"]
[Result "1-0"]
[ICCResult "Black resigns"]
[WhiteElo "390"]
[BlackElo "727"]
[Opening "Queen's pawn, Mason variation"]
[ECO "D00"]
[NIC "QP.08"]
[Time "16:00:16"]
[PlyCount "102"]
[TimeControl "1800+5"]

1. d4 d5 2. Bf4 Nc6 3. Nf3 Nf6 4. h3 Bf5 5. c3 e6 6. e3 Bd6 7. Bxd6 Qxd6 8.
Nbd2 O-O-O 9. Be2 h6 10. O-O Ne4 11. Nxe4 dxe4 12. Nd2 g5 13. b4 Rh7 14. a4
Rdh8 15. a5 h5 16. b5 Nb8 17. c4 c6 18. c5 Qc7 19. Qb3 g4 20. h4 g3 21. b6
gxf2+ 22. Rxf2 axb6 23. axb6 Qe7 24. g3 Rg8 25. Kh2 Bg4 26. Ra8 Bxe2 27.
Rxe2 Rhg7 28. Nxe4 f5 29. Ng5 e5 30. dxe5 Qxe5 31. Qe6+ Qxe6 32. Nxe6 Rxg3
33. Nd4 R3g4 34. Nxf5 Rf8 35. Nd4 Rxh4+ 36. Kg3 Rg4+ 37. Kh3 Rfg8 38. Ne6
h4 39. Nc7 Rc4 40. Rea2 Rg3+ 41. Kh2 Rxe3 42. Rxb8+ Kd7 43. Rd2+ Ke7 44.
Re8+ Kf6 45. Rf2+ Kg5 46. Rxe3 Kg4 47. Ne6 h3 48. Rg3+ Kh4 49. Rxh3+ Kg4
50. Rg3+ Kh4 51. Rgg2 Rg4 { Black resigns } 1-0

[Event "ICC tourney 2361 (30 5)"]
[Site "Internet Chess Club"]
[Date "2021.01.31"]
[Round "4"]
[White "johnfza"]
[Black "AidenKennedy528"]
[Result "0-1"]
[ICCResult "White checkmated"]
[WhiteElo "898"]
[BlackElo "986"]
[Opening "Scandinavian (center counter) defense"]
[ECO "B01"]
[NIC "SD.01"]
[Time "16:00:08"]
[PlyCount "114"]
[TimeControl "1800+5"]

1. e4 d5 2. exd5 Qxd5 3. Nc3 Qa5 4. d4 Nf6 5. Nf3 c6 6. Bd2 Qc7 7. Bd3 Bg4
8. h3 Bh5 9. Qe2 e6 10. O-O-O Nbd7 11. g4 Bg6 12. g5 Nd5 13. Ne4 a5 14. Nh4
Nb4 15. Nxg6 hxg6 16. a3 Nd5 17. c4 Nf4 18. Qf3 Nxd3+ 19. Qxd3 b5 20. c5
Rd8 21. Qf3 Be7 22. Bf4 Qa7 23. Bd6 Nb8 24. Bxe7 Qxe7 25. Nd6+ Kf8 26. Rhg1
Rh5 27. Rg4 Rxg5 28. Rdg1 Rxg4 29. Rxg4 g5 30. Rxg5 Qxg5+ 31. Kb1 Rxd6 32.
cxd6 Qf5+ 33. Qxf5 exf5 34. b4 a4 35. Kc2 Ke8 36. h4 Kd7 37. Kd3 Kxd6 38.
Ke3 Kd5 39. h5 Nd7 40. Kf4 Kxd4 41. Kxf5 Nf6 42. Kg5 Nxh5 43. Kxh5 Kc3 44.
f4 Kb3 45. f5 Kxa3 46. Kg5 Kxb4 47. Kf4 a3 48. Ke5 a2 49. Kd6 a1=Q 50. Kc7
c5 51. Kd7 c4 52. Ke7 Qf6+ 53. Kd7 c3 54. Kc7 c2 55. Kb7 c1=Q 56. Ka7 Qc7+
57. Ka8 Qfd8# { White checkmated } 0-1

[Event "ICC tourney 2361 (30 5)"]
[Site "Internet Chess Club"]
[Date "2021.01.31"]
[Round "4"]
[White "RainbowQueen"]
[Black "purplepinkcat12"]
[Result "0-1"]
[ICCResult "White checkmated"]
[WhiteElo "926"]
[BlackElo "610"]
[Opening "Sicilian: Alapin's variation (2.c3)"]
[ECO "B22"]
[NIC "SI.46"]
[Time "16:00:25"]
[PlyCount "116"]
[TimeControl "1800+5"]

1. e4 c5 2. c3 Nc6 3. Nf3 d6 4. d4 cxd4 5. cxd4 Nf6 6. Nc3 g6 7. Bb5 Bg7 8.
O-O O-O 9. Bg5 a6 10. Ba4 b5 11. Bb3 b4 12. Ne2 Nxe4 13. Nd2 Nxg5 14. Ng3
Nxd4 15. Ba4 Bd7 16. Bb3 Nxb3 17. Nxb3 Ba4 18. Re1 Bxb3 19. Qxb3 a5 20. Qd5
Ne6 21. Qd2 Bf6 22. Ne4 Bg7 23. Rab1 d5 24. Ng3 Rc8 25. Red1 Qc7 26. h3 Qc2
27. Qe3 Qc4 28. Ra1 Bxb2 29. Rab1 Qf4 30. Qxf4 Nxf4 31. Rxb2 e5 32. Re1 f6
33. Rbb1 d4 34. Nf1 Rfe8 35. Ng3 f5 36. f3 d3 37. Nf1 e4 38. Kf2 Rc2+ 39.
Kg3 Nh5+ 40. Kh2 d2 41. Re2 e3 42. Rxe3 Rxe3 43. Nxe3 Rc1 44. Rb2 d1=Q 45.
Nxd1 Rxd1 46. Rc2 Rd4 47. Rc8+ Kg7 48. Ra8 Rd5 49. Rb8 Nf6 50. Rb7+ Kh6 51.
Rc7 Rd2 52. a4 bxa3 53. Ra7 Rd5 54. Rb7 a2 55. Rb2 a1=Q 56. Rb7 Qe5+ 57.
Kg1 Rd1+ 58. Kf2 Qe1# { White checkmated } 0-1

[Event "ICC tourney 2361 (30 5)"]
[Site "Internet Chess Club"]
[Date "2021.01.31"]
[Round "5"]
[White "JWest139"]
[Black "TristanS"]
[Result "0-1"]
[ICCResult "White checkmated"]
[WhiteElo "973"]
[BlackElo "734"]
[Opening "Scotch opening"]
[ECO "C44"]
[NIC "KP.10"]
[Time "18:00:20"]
[PlyCount "36"]
[TimeControl "1800+5"]

1. e4 e5 2. Nf3 Nc6 3. d4 Bd6 4. dxe5 Bxe5 5. Nxe5 Nxe5 6. Qd4 d6 7. Bc4 c5
8. Qd5 Ne7 9. Bb5+ Bd7 10. Bxd7+ Qxd7 11. Qb3 c4 12. Qc3 d5 13. Qxe5 dxe4
14. Qxg7 Rg8 15. Qxh7 Rxg2 16. Qxe4 Rg4 17. Bf4 O-O-O 18. Qe5 Qd1# { White
checkmated } 0-1

[Event "ICC tourney 2361 (30 5)"]
[Site "Internet Chess Club"]
[Date "2021.01.31"]
[Round "5"]
[White "rishatag"]
[Black "ReadyPlayer1"]
[Result "0-1"]
[ICCResult "White checkmated"]
[WhiteElo "535"]
[BlackElo "650"]
[Opening "Sicilian defense"]
[ECO "B33"]
[NIC "SI.34"]
[Time "18:00:29"]
[PlyCount "66"]
[TimeControl "1800+5"]

1. e4 c5 2. Nf3 Nc6 3. d4 cxd4 4. Nxd4 Nf6 5. Nc3 e6 6. Bb5 Bb4 7. O-O Bxc3
8. bxc3 Nxe4 9. Nxc6 bxc6 10. Ba4 Nxc3 11. Qd3 Nxa4 12. Qd4 Nb6 13. Qxg7
Rf8 14. Qxh7 Qf6 15. Bh6 Rh8 16. Bg7 Qxf2+ 17. Rxf2 Rxh7 18. Be5 Nc4 19.
Bd4 e5 20. Re2 d6 21. Bc3 Ba6 22. Rf2 Ke7 23. Rb1 Rah8 24. h3 Rg8 25. Rf3
e4 26. Rf4 Rxh3 27. Rxe4+ Kd7 28. Rf4 Rxc3 29. Rxf7+ Ke6 30. Rf4 Rxc2 31.
Re4+ Kd5 32. Ree1 Rgxg2+ 33. Kf1 Ne3# { White checkmated } 0-1

[Event "ICC tourney 2361 (30 5)"]
[Site "Internet Chess Club"]
[Date "2021.01.31"]
[Round "5"]
[White "purplepinkcat12"]
[Black "reallopsidedhaw"]
[Result "1-0"]
[ICCResult "Black checkmated"]
[WhiteElo "610"]
[BlackElo "828"]
[Opening "Petrov's defense"]
[ECO "C42"]
[NIC "RG.03"]
[Time "18:00:22"]
[PlyCount "63"]
[TimeControl "1800+5"]

1. e4 e5 2. Nf3 Nf6 3. Nxe5 Bc5 4. d4 Bb4+ 5. c3 Bd6 6. Nf3 Nxe4 7. Bd3 Nf6
8. O-O O-O 9. Bg5 c5 10. dxc5 Bxc5 11. Nbd2 d6 12. h3 h6 13. Bh4 d5 14. c4
Nc6 15. cxd5 Qxd5 16. Bxf6 gxf6 17. Bc4 Qh5 18. Kh2 Bd6+ 19. g3 Qxh3+ 20.
Kg1 Kh8 21. Ne4 Be7 22. Qd2 Bg4 23. Nh2 Rad8 24. Qe3 Nb4 25. Qf4 Rd4 26.
Nxg4 Rxc4 27. Ngxf6 Nd3 28. Qe3 Nxb2 29. Nd5 Bh4 30. Qxh6+ Kg8 31. Ndf6+
Bxf6 32. Nxf6# { Black checkmated } 1-0

[Event "ICC tourney 2361 (30 5)"]
[Site "Internet Chess Club"]
[Date "2021.01.31"]
[Round "5"]
[White "dmenon25"]
[Black "maadhavd"]
[Result "1-0"]
[ICCResult "Black resigns"]
[WhiteElo "926"]
[BlackElo "469"]
[Opening "Scotch gambit"]
[ECO "C44"]
[NIC "SO.06"]
[Time "18:00:21"]
[PlyCount "53"]
[TimeControl "1800+5"]

1. e4 e5 2. Nf3 Nc6 3. d4 exd4 4. Bc4 Bc5 5. c3 dxc3 6. Bxf7+ Kxf7 7. Qd5+
Ke8 8. Qh5+ g6 9. Qxc5 Qe7 10. Qxc3 Qf6 11. Bg5 Qxc3+ 12. Nxc3 Nge7 13. O-O
d6 14. Rfe1 Bg4 15. Nd2 Kd7 16. Nd5 Rae8 17. Nf6+ Kc8 18. Nxg4 h6 19. Bxh6
Nd4 20. Bg7 Nc2 21. Bxh8 Nxe1 22. Rxe1 Nf5 23. Bc3 d5 24. Nf3 Rxe4 25. Rxe4
dxe4 26. Ng5 Kd7 27. Nxe4 { Black resigns } 1-0

[Event "ICC tourney 2361 (30 5)"]
[Site "Internet Chess Club"]
[Date "2021.01.31"]
[Round "5"]
[White "oliverskelcher"]
[Black "PS33ChessNinja"]
[Result "0-1"]
[ICCResult "White checkmated"]
[WhiteElo "894"]
[BlackElo "681"]
[Opening "Two knights defense (Modern bishop's opening)"]
[ECO "C55"]
[NIC "IG.01"]
[Time "18:00:41"]
[PlyCount "64"]
[TimeControl "1800+5"]

1. e4 e5 2. Nf3 Nc6 3. Bc4 Nf6 4. d3 h6 5. O-O Bc5 6. Nc3 O-O 7. Be3 Bb6 8.
d4 d6 9. h3 exd4 10. Nxd4 Re8 11. Nxc6 bxc6 12. Bxb6 axb6 13. f4 Nxe4 14.
Nxe4 Rxe4 15. Qh5 Rxc4 16. b3 Rxc2 17. f5 Raxa2 18. Rxa2 Rxa2 19. f6 Ra5
20. Qg4 Bxg4 21. hxg4 gxf6 22. Kh2 Qe7 23. Kg3 Qe3+ 24. Kh4 Qxb3 25. Rxf6
Qe3 26. g3 Qg5+ 27. Kh3 Qxf6 28. g5 hxg5 29. Kg2 Ra1 30. Kh3 Qf5+ 31. Kg2
g4 32. Kh2 Qc2# { White checkmated } 0-1

[Event "ICC tourney 2361 (30 5)"]
[Site "Internet Chess Club"]
[Date "2021.01.31"]
[Round "5"]
[White "vincentyu"]
[Black "johnfza"]
[Result "1-0"]
[ICCResult "Black checkmated"]
[WhiteElo "199"]
[BlackElo "898"]
[Opening "English: four knights, Nimzovich variation"]
[ECO "A22"]
[NIC "EO.10"]
[Time "18:00:18"]
[PlyCount "85"]
[TimeControl "1800+5"]

1. c4 Nf6 2. Nc3 e5 3. e4 Nc6 4. Nf3 Bc5 5. d3 Nd4 6. Nxd4 Bxd4 7. Bg5 h6
8. Bxf6 Qxf6 9. Qe2 O-O 10. Nd5 Qc6 11. Ne7+ Kh8 12. Nxc6 dxc6 13. g3 b5
14. cxb5 cxb5 15. Bg2 c5 16. O-O Ba6 17. Rab1 c4 18. dxc4 bxc4 19. b3 c3
20. Qxa6 Rfc8 21. Qd3 Rc7 22. Rbc1 Rac8 23. Rc2 a5 24. Rfc1 Rc5 25. Bh3
R8c7 26. a3 f6 27. b4 axb4 28. axb4 Rc4 29. b5 Rb4 30. Bc8 Rxc8 31. Kg2 g5
32. h4 gxh4 33. gxh4 Kg7 34. Qg3+ Kh7 35. Qf3 Rxb5 36. Qf5+ Kg7 37. Qxc8
Rc5 38. Qd7+ Kg6 39. h5+ Kxh5 40. Qf7+ Kg5 41. Qg7+ Kh5 42. Kf3 Rc4 43.
Qg4# { Black checkmated } 1-0

[Event "ICC tourney 2361 (30 5)"]
[Site "Internet Chess Club"]
[Date "2021.01.31"]
[Round "5"]
[White "Ved166"]
[Black "Rosey9"]
[Result "0-1"]
[ICCResult "White checkmated"]
[WhiteElo "958"]
[BlackElo "390"]
[Opening "Sicilian: accelerated fianchetto, modern variation"]
[ECO "B34"]
[NIC "SI.33"]
[Time "18:00:44"]
[PlyCount "112"]
[TimeControl "1800+5"]

1. e4 c5 2. Nf3 Nc6 3. d4 cxd4 4. Nxd4 g6 5. Nc3 Bg7 6. Be3 Nf6 7. f3 O-O
8. Qd2 a6 9. O-O-O Qc7 10. h4 h5 11. Bc4 b5 12. Bb3 Bb7 13. Bh6 b4 14. Nce2
a5 15. Nxc6 Bxc6 16. e5 Qxe5 17. Bxg7 Kxg7 18. Qg5 Qxg5+ 19. hxg5 Ne8 20.
Nd4 Nd6 21. Nxc6 dxc6 22. g4 Rh8 23. gxh5 gxh5 24. Rd2 a4 25. Bxf7 Kxf7 26.
Rg2 Kg6 27. f4 h4 28. Rg4 c5 29. Rgxh4 Rxh4 30. Rxh4 Nf5 31. Rh2 c4 32. c3
b3 33. a3 Kg7 34. Kd2 Rh8 35. Rxh8 Kxh8 36. Ke2 Kg7 37. Kf3 Kg6 38. Kg4
Ne3+ 39. Kg3 Kf5 40. Kf3 Nd1 41. Kg3 Nxb2 42. Kh4 Nd3 43. Kh5 Nxf4+ 44. Kh6
b2 45. Kg7 Kxg5 46. Kf7 e5 47. Ke7 e4 48. Kd6 b1=Q 49. Kc5 Qb3 50. Kd6 e3
51. Ke7 Qxa3+ 52. Kf7 e2 53. Kg7 Qe7+ 54. Kh8 Ng6+ 55. Kg8 Qf8+ 56. Kh7
Qf7# { White checkmated } 0-1

[Event "ICC tourney 2361 (30 5)"]
[Site "Internet Chess Club"]
[Date "2021.01.31"]
[Round "5"]
[White "Judebestgm"]
[Black "IGMin2023"]
[Result "1-0"]
[ICCResult "Black checkmated"]
[WhiteElo "644"]
[BlackElo "956"]
[Opening "Ruy Lopez: four knights (Tarrasch) variation"]
[ECO "C48"]
[NIC "KP.03"]
[Time "18:00:29"]
[PlyCount "85"]
[TimeControl "1800+5"]

1. e4 e5 2. Nf3 Nc6 3. Nc3 Nf6 4. Bb5 a6 5. Ba4 b5 6. Bb3 Be7 7. O-O d6 8.
d3 Bg4 9. h3 Bh5 10. Nd5 Nd4 11. Nxf6+ Bxf6 12. Bd5 Rb8 13. Be3 Nxf3+ 14.
gxf3 Qd7 15. Kh2 c6 16. Bb3 d5 17. exd5 cxd5 18. a4 Bg6 19. c4 bxc4 20.
dxc4 d4 21. a5 dxe3 22. Ba4 Qxa4 23. Qxa4+ Ke7 24. fxe3 Rxb2+ 25. Kg1 Bg5
26. Qa3+ Kf6 27. Qxb2 Bxe3+ 28. Kh1 Ke6 29. Rfe1 Bf4 30. Qb6+ Kf5 31. Qxa6
Bh5 32. Qb7 Kf6 33. a6 g6 34. Qc6+ Kg7 35. a7 g5 36. a8=Q Rxa8 37. Rxa8 Bg6
38. Qd5 Bg3 39. Rxe5 Bxe5 40. Qxe5+ Kh6 41. Ra5 f6 42. Qxf6 Kh5 43. Qxg5# {
Black checkmated } 1-0

[Event "ICC tourney 2361 (30 5)"]
[Site "Internet Chess Club"]
[Date "2021.01.31"]
[Round "5"]
[White "AidenKennedy528"]
[Black "elliephuy"]
[Result "0-1"]
[ICCResult "White checkmated"]
[WhiteElo "986"]
[BlackElo "942"]
[Opening "Vienna gambit"]
[ECO "C29"]
[NIC "VG.04"]
[Time "18:00:49"]
[PlyCount "66"]
[TimeControl "1800+5"]

1. e4 e5 2. Nc3 Nf6 3. f4 d6 4. Nf3 Nc6 5. Bb5 Bg4 6. O-O Be7 7. Qe1 O-O 8.
Bxc6 bxc6 9. fxe5 dxe5 10. Nxe5 Qd4+ 11. Kh1 Qxe5 12. Qh4 Bd7 13. b3 Bd6
14. Bb2 Ng4 15. g3 Be7 16. Na4 Qxe4+ 17. Kg1 Bxh4 18. Rf4 Qe2 19. Rxg4 Qxg4
20. Nc5 Bf5 21. Rf1 Bxg3 22. hxg3 Qxg3+ 23. Kh1 Bh3 24. Rg1 Qf3+ 25. Kh2
Rfe8 26. Rxg7+ Kf8 27. Nd7+ Bxd7 28. Ba3+ Kxg7 29. Bb2+ Kg8 30. Kg1 Re1+
31. Kh2 Re2+ 32. Kg1 Bh3 33. Bg7 Qf1# { White checkmated } 0-1

[Event "ICC tourney 2361 (30 5)"]
[Site "Internet Chess Club"]
[Date "2021.01.31"]
[Round "5"]
[White "Wolfwalker33"]
[Black "daveym"]
[Result "1-0"]
[ICCResult "Black checkmated"]
[WhiteElo "894"]
[BlackElo "827"]
[Opening "Queen's bishop game"]
[ECO "D00"]
[NIC "QP.08"]
[Time "18:00:38"]
[PlyCount "55"]
[TimeControl "1800+5"]

1. d4 d5 2. Bf4 Nf6 3. Nf3 Nc6 4. e3 Bg4 5. Nbd2 e6 6. Be2 Qd7 7. c3 O-O-O
8. b4 Bxf3 9. Nxf3 Ne4 10. Rc1 Nxb4 11. cxb4 Bxb4+ 12. Kf1 h5 13. Rxc7+
Qxc7 14. Bxc7 Kxc7 15. Qc1+ Kb8 16. Qb2 Rc8 17. g3 h4 18. Nxh4 Rh6 19. Qxb4
Rc1+ 20. Kg2 Rc2 21. Re1 Rf6 22. Nf3 Nd2 23. Nxd2 g5 24. Ba6 Rxf2+ 25. Kxf2
Rxd2+ 26. Qxd2 g4 27. Qb4 f5 28. Qxb7# { Black checkmated } 1-0

[Event "ICC tourney 2361 (30 5)"]
[Site "Internet Chess Club"]
[Date "2021.01.31"]
[Round "5"]
[White "Latecutehat"]
[Black "rehatag"]
[Result "1/2-1/2"]
[ICCResult "Game drawn by mutual agreement"]
[WhiteElo "433"]
[BlackElo "625"]
[Opening "Scotch opening"]
[ECO "C44"]
[NIC "KP.10"]
[Time "18:00:39"]
[PlyCount "97"]
[TimeControl "1800+5"]

1. e4 e5 2. Nf3 Nc6 3. d4 d6 4. d5 Nce7 5. Nc3 Ng6 6. Bd3 Nf6 7. O-O Bg4 8.
h3 Bxf3 9. Qxf3 Be7 10. Bg5 O-O 11. Bxf6 Bxf6 12. Rfe1 Qd7 13. Qg3 Bh4 14.
Qg4 Qxg4 15. hxg4 Nf4 16. Bc4 c6 17. dxc6 bxc6 18. g3 Bg5 19. gxf4 Bxf4 20.
Ne2 Bg5 21. Ng3 Rab8 22. b3 c5 23. Rad1 Rfd8 24. Nf5 Rb6 25. Rd3 g6 26. Ng3
Be7 27. Red1 Rb4 28. a3 Rb7 29. Bd5 Rbd7 30. Bc6 Rc7 31. Bb5 Rb7 32. Ba6
Rb6 33. Bc4 a6 34. b4 cxb4 35. axb4 Rxb4 36. Bxa6 Ra4 37. Bb5 Ra5 38. c4
Ra2 39. c5 Ra5 40. Bc4 Rxc5 41. Bb3 Rb5 42. Bc4 Rb4 43. Bb3 Rb6 44. Rf3 Rf8
45. Bd5 Rb5 46. Ne2 Rb2 47. Nc3 Rc2 48. Bc4 Rb2 49. Kf1 { Game drawn by
mutual agreement } 1/2-1/2

[Event "ICC tourney 2361 (30 5)"]
[Site "Internet Chess Club"]
[Date "2021.01.31"]
[Round "5"]
[White "ivanachan"]
[Black "RainbowQueen"]
[Result "1-0"]
[ICCResult "Black checkmated"]
[WhiteElo "765"]
[BlackElo "926"]
[Opening "QGD: Harrwitz attack"]
[ECO "D35"]
[NIC "QO.16"]
[Time "18:00:19"]
[PlyCount "109"]
[TimeControl "1800+5"]

1. d4 d5 2. c4 e6 3. Nc3 Nf6 4. Bf4 Bb4 5. a3 Ba5 6. b4 Bb6 7. c5 a5 8.
cxb6 axb4 9. bxc7 Qxc7 10. Bxc7 bxc3 11. Qc1 Nc6 12. Qxc3 O-O 13. Bd6 Re8
14. e3 Bd7 15. Bb5 Ne4 16. Qc2 Rac8 17. Nf3 Na7 18. Bxd7 Rxc2 19. Bxe8 Nxd6
20. Ba4 Rc8 21. O-O Ne4 22. Rfc1 Rf8 23. Rc2 h6 24. Rb1 Rb8 25. Rcb2 Nc3
26. Rc1 Ne2+ 27. Rxe2 b5 28. Rb1 Rc8 29. Bxb5 Rc3 30. a4 Ra3 31. Rd2 Rc3
32. a5 Nxb5 33. a6 Kh7 34. h3 Nc7 35. a7 Ra3 36. Rb7 Ne8 37. Rc2 Ra6 38.
Ne5 Nd6 39. Rd7 f6 40. Rc6 Ra1+ 41. Kh2 fxe5 42. Rcxd6 exd4 43. exd4 e5 44.
dxe5 d4 45. Rxd4 Ra2 46. e6 Rxf2 47. a8=Q Re2 48. e7 Re6 49. e8=Q Rxe8 50.
Qxe8 h5 51. Qe4+ Kg8 52. Rd8+ Kf7 53. Qf5+ Ke7 54. Qf8+ Ke6 55. Re4# {
Black checkmated } 1-0